 Dungeon Crawl Stone Soup version 0.29.1-1-gd02db6906a (webtiles) character file.

Game seed: 12833449495458601415

147 sleeves the Shooter (level 5, 0/29 HPs)
             Began as a Gargoyle Arcane Marksman on Sept 21, 2022.
             Killed by divine providence
             ... invoked by an orc priest
              (15 damage)
             ... on level 4 of the Dungeon.
             The game lasted 00:09:13 (2864 turns).

sleeves the Shooter (Gargoyle Arcane Marksman)      Turns: 2864, Time: 00:09:14

Health: 0/29       AC: 10    Str: 14    XL:     5   Next: 29%
Magic:  2/6        EV: 11    Int: 13    God:
Gold:   111        SH:  0    Dex: 12    Spells: 5/6 levels left

rFire   . . .      SeeInvis .   q - +2 rapier (elec)
rCold   . . .      Faith    .   (no shield)
rNeg    + . .      Spirit   .   d - +0 leather armour
rPois   ∞          Reflect  .   p - +0 helmet
rElec   +          Harm     .   (no cloak)
rCorr   .          Rampage  .   g - +0 pair of gloves
Will    .....                   j - +0 pair of boots
Stlth   +.........              m - amulet of the acrobat
HPRegen 0.09/turn               (no ring)
MPRegen 0.10/turn               (no ring)

@: very slightly contaminated
A: sickness immunity, AC +4, negative energy resistance 1, electricity
resistance, torment resistance 1, petrification resistance
a: no special abilities


You were on level 4 of the Dungeon.
You visited 1 branch of the dungeon, and saw 5 of its levels.

You collected 111 gold pieces.

Inventory:

Hand Weapons
 a - a +1 sling
 q - a +2 rapier of electrocution (weapon)
   (You found it on level 2 of the Dungeon)
 s - a +2 dagger of venom
   (You took it off an orc wizard on level 4 of the Dungeon)
Armour
 d - a +0 leather armour (worn)
   (You found it on level 1 of the Dungeon)
 g - a +0 pair of gloves (worn)
   (You found it on level 1 of the Dungeon)
 j - a +0 pair of boots (worn)
   (You found it on level 1 of the Dungeon)
 p - a +0 helmet (worn)
   (You took it off Robin on level 1 of the Dungeon)
Jewellery
 m - an amulet of the acrobat (around neck)
   (You found it on level 2 of the Dungeon)
 n - a ring of protection from fire
   (You found it on level 2 of the Dungeon)
Scrolls
 e - 4 scrolls of vulnerability {unknown}
 f - 4 scrolls of identify {unknown}
 i - a scroll of teleportation {unknown}
 k - 3 scrolls of noise {unknown}
 o - 2 scrolls of fear {unknown}
Potions
 c - 2 potions of might {unknown}
 h - 4 potions of curing {unknown}
 l - a potion of attraction {unknown}
 r - a potion of ambrosia {unknown}


   Skills:
 - Level 1.1 Fighting
 + Level 5.3 Ranged Weapons
 - Level 1.5 Dodging
 - Level 1.0 Spellcasting
 - Level 2.6 Hexes


You had 5 spell levels left.
You knew the following spells:

 Your Spells              Type           Power      Damage    Failure   Level
a - Slow                  Hex            28%        N/A       12%         1

Your spell library contained the following spells:

 Spells                   Type           Power      Damage    Failure   Level
 Inner Flame              Hex/Fire       4%         N/A       52%         3
 Portal Projectile        Hex/Tloc       8%         N/A       52%         3
 Cause Fear               Hex            3%         N/A       75%         4


Dungeon Overview and Level Annotations

Branches:
Dungeon (5/15)
 Temple: D:4-7

Altars:

Annotations:
D:2 Natasha, Sigmund
D:3 Grinder


Innate Abilities, Weirdness & Mutations

You are immune to sickness and miasma.
Your stone body is resilient. (AC +4)
You are immune to poison.
You resist negative energy. (rN+)
You are resistant to electric shocks. (rElec)
You are resistant to unholy torment.
You are immune to petrification.


Message History

You shoot a sling bullet. The sling bullet hits the hobgoblin.
The hobgoblin is severely wounded.
You shoot a sling bullet. The sling bullet hits the hobgoblin.
You kill the hobgoblin!
m - an amulet of the acrobat
f - 3 scrolls labelled EXKIOH ZAC UMI (gained 1)
A ball python comes into view.
A ball python is nearby!
Okay, then.
You start putting on your amulet.
You continue putting on your amulet of the acrobat. x4
The ball python bites you but does no damage.
The ball python barely misses you.
You continue putting on your amulet of the acrobat.
The ball python barely misses you. The ball python grabs you.
The ball python constricts you.
You finish putting on your amulet of the acrobat.
You feel ready to tumble and roll out of harm's way.
m - an amulet of the acrobat (around neck)
You shoot a sling bullet.
The sling bullet closely misses the ball python.
The ball python bites you. The ball python constricts you.
The ball python bites you. The ball python constricts you.
You shoot a sling bullet.
The sling bullet closely misses the ball python.
The ball python barely misses you. The ball python constricts you.
You shoot a sling bullet.
The sling bullet hits the ball python but does no damage.
The ball python bites you but does no damage.
The ball python constricts you.
You shoot a sling bullet. The sling bullet hits the ball python.
You kill the ball python!
No target in view!
You see here a ball python corpse.
There is a stone staircase leading up here.
You see here a +0 dagger.
You see here a quokka skeleton.
Found 5 stones.
A kobold comes into view. It is wielding a +0 club.
The kobold shouts!
A kobold is nearby!
You shoot a sling bullet. The sling bullet hits the kobold.
You kill the kobold!
No target in view!
Found 4 stones.
k - 2 scrolls labelled HEOLOW KEAREO (gained 1)
You now have 101 gold pieces (gained 10).
Things that are here:
a +0 club; a kobold corpse You see here 4 stones.
You see here a +2 rapier of electrocution.
n - a ring of protection from fire A rat comes into view.
A rat is nearby!
A rat is nearby!
You shoot a sling bullet. The sling bullet barely misses the rat.
You shoot a sling bullet.
The sling bullet hits the rat but does no damage.
You shoot a sling bullet. The sling bullet hits the rat!
You kill the rat!
You see here a +2 rapier of electrocution.
A giant cockroach comes into view.
A giant cockroach is nearby!
You shoot a sling bullet.
The sling bullet hits the giant cockroach.
The giant cockroach is heavily wounded.
The giant cockroach bites you.
You shoot a sling bullet.
The sling bullet hits the giant cockroach.
You kill the giant cockroach!
Found a robe.
o - a scroll labelled ZAAZE GATSAPN A rat and a hobgoblin come into view.
There are monsters nearby!
You shoot a sling bullet. The sling bullet hits the hobgoblin.
The hobgoblin is moderately wounded.
You hear a shout! x3
You shoot a sling bullet.
The sling bullet hits the hobgoblin but does no damage.
The hobgoblin is lightly wounded.
A goblin comes into view. It is wielding a +0 club.
The goblin moves out of view.
You shoot a sling bullet. The sling bullet hits the rat.
The rat is moderately wounded.
You shoot a sling bullet. The sling bullet barely misses the rat.
You shoot a sling bullet.
The sling bullet closely misses the rat.
The sling bullet hits the hobgoblin but does no damage.
The hobgoblin is lightly wounded.
A hobgoblin comes into view.
You shoot a sling bullet. The hobgoblin shouts!
The sling bullet hits the rat.
You kill the rat!
You hear a shout! x2
A hobgoblin comes into view.
Robin of the Strong Arm comes into view.
They are wielding a +0 mace.
The hobgoblin misses you. The hobgoblin attacks as you move away!
The hobgoblin closely misses you. The hobgoblin attacks as you move away!
The hobgoblin misses you. The hobgoblin attacks as you move away!
The hobgoblin closely misses you. The hobgoblin attacks as you move away!
The hobgoblin barely misses you. The hobgoblin attacks as you move away!
The hobgoblin misses you. The hobgoblin attacks as you move away!
The hobgoblin misses you. The hobgoblin attacks as you move away!
The hobgoblin misses you. The hobgoblin attacks as you move away!
The hobgoblin completely misses you. The hobgoblin attacks as you move away!
The hobgoblin misses you. The hobgoblin attacks as you move away!
The hobgoblin misses you. The hobgoblin attacks as you move away!
The hobgoblin misses you. The hobgoblin attacks as you move away!
The hobgoblin completely misses you. The hobgoblin attacks as you move away!
The hobgoblin misses you.
You see here a ball python skeleton.
The hobgoblin attacks as you move away! The hobgoblin closely misses you.
The hobgoblin attacks as you move away! The hobgoblin misses you.
The hobgoblin attacks as you move away! The hobgoblin closely misses you.
Natasha casts a spell.
The hobgoblin attacks as you move away! The hobgoblin barely misses you.
The crimson imp blinks!
The hobgoblin attacks as you move away!
The hobgoblin hits you but does no damage.
The hobgoblin attacks as you move away! The hobgoblin hits you.
The hobgoblin attacks as you move away! The hobgoblin barely misses you.
Natasha casts a spell.
The hobgoblin attacks as you move away! The hobgoblin closely misses you.
The hobgoblin attacks as you move away! The hobgoblin closely misses you.
The goblin attacks as you move away! The goblin misses you.
The hobgoblin attacks as you move away! The hobgoblin completely misses you.
There is a stone staircase leading up here.
Fire: a) +1 sling
Press: ? - help, Q - select action, (/) - cycle Shift-Dir - straight line, f - hobgoblin
Aim: a hobgoblin (56% to hit)
You shoot a sling bullet.
The sling bullet hits the hobgoblin but does no damage.
The crimson imp blinks!
The hobgoblin hits you.
Fire: a) +1 sling
Press: ? - help, Q - select action, (/) - cycle Shift-Dir - straight line, f/p - hobgoblin
Aim: a hobgoblin (56% to hit)
You shoot a sling bullet. The sling bullet hits the hobgoblin.
The hobgoblin is severely wounded.
The hobgoblin closely misses you.
Fire: a) +1 sling
Press: ? - help, Q - select action, (/) - cycle Shift-Dir - straight line, f/p - hobgoblin
Aim: a hobgoblin (severely wounded, 56% to hit)
You shoot a sling bullet.
The sling bullet barely misses the hobgoblin.
The sling bullet barely misses the goblin.
The sling bullet closely misses the hobgoblin.
The hobgoblin barely misses you.
Fire: a) +1 sling
Press: ? - help, Q - select action, (/) - cycle Shift-Dir - straight line, f/p - hobgoblin
Aim: a hobgoblin (severely wounded, 56% to hit)
You shoot a sling bullet. The sling bullet hits the hobgoblin.
You kill the hobgoblin!
Fire: a) +1 sling
Press: ? - help, Q - select action, (/) - cycle Shift-Dir - straight line, f - goblin
Aim: a goblin, wielding a +0 club (47% to hit)
You shoot a sling bullet.
The sling bullet hits the goblin but does no damage.
The goblin closely misses you. The goblin hits you with a +0 club.
Fire: a) +1 sling
Press: ? - help, Q - select action, (/) - cycle Shift-Dir - straight line, f/p - goblin
Aim: a goblin, wielding a +0 club (47% to hit)
You shoot a sling bullet.
The sling bullet closely misses the goblin.
The sling bullet barely misses the hobgoblin.
The sling bullet barely misses Natasha.
The sling bullet closely misses the crimson imp.
Natasha casts a spell.
The goblin barely misses you.
Fire: a) +1 sling
Press: ? - help, Q - select action, (/) - cycle Shift-Dir - straight line, f/p - goblin
Aim: a goblin, wielding a +0 club (47% to hit)
You shoot a sling bullet.
The sling bullet barely misses the goblin.
The sling bullet barely misses the hobgoblin.
The sling bullet barely misses Natasha.
The sling bullet closely misses the crimson imp.
The goblin closely misses you.
Fire: a) +1 sling
Press: ? - help, Q - select action, (/) - cycle Shift-Dir - straight line, f/p - goblin
Aim: a goblin, wielding a +0 club (47% to hit)
You shoot a sling bullet.
The sling bullet completely misses the goblin.
The sling bullet barely misses the hobgoblin.
The sling bullet hits Natasha!
Natasha is heavily wounded.
The goblin hits you with a +0 club.
The iron imp grinds its teeth.
Fire: a) +1 sling
Press: ? - help, Q - select action, (/) - cycle Shift-Dir - straight line, f/p - goblin
Aim: a goblin, wielding a +0 club (47% to hit)
You shoot a sling bullet.
The sling bullet barely misses the goblin.
The sling bullet hits the hobgoblin!
You kill the hobgoblin!
The crimson imp blinks!
The goblin closely misses you. The goblin barely misses you.
Fire: a) +1 sling
Press: ? - help, Q - select action, (/) - cycle Shift-Dir - straight line, f/p - goblin
Aim: a goblin, wielding a +0 club (47% to hit)
You shoot a sling bullet.
The sling bullet barely misses the goblin.
The sling bullet misses Natasha.
The sling bullet hits the crimson imp.
The crimson imp is moderately wounded.
The crimson imp disappears in a puff of smoke!
The goblin hits you with a +0 club.
* * * LOW HITPOINT WARNING * * *
Natasha mumbles some strange words.
The goblin closely misses you.
You climb upwards.
There is a stone staircase leading down here.
Fire: a) +1 sling
Press: ? - help, Q - select action, (/) - cycle Shift-Dir - straight line, f - goblin
Aim: a goblin, wielding a +0 club (47% to hit)
You shoot a sling bullet.
The sling bullet closely misses the goblin.
The goblin hits you but does no damage.
Fire: a) +1 sling
Press: ? - help, Q - select action, (/) - cycle Shift-Dir - straight line, f/p - goblin
Aim: a goblin, wielding a +0 club (47% to hit)
You shoot a sling bullet. The sling bullet hits the goblin.
The goblin is severely wounded.
The goblin misses you. The goblin closely misses you.
Fire: a) +1 sling
Press: ? - help, Q - select action, (/) - cycle Shift-Dir - straight line, f/p - goblin
Aim: a goblin, wielding a +0 club (severely wounded, 47% to hit)
You shoot a sling bullet. The sling bullet hits the goblin!
You kill the goblin!
You start resting.
HP restored.
Unknown command.
There is a stone staircase leading down here.
You climb downwards.
Level annotation: Natasha, Robin
There is a stone staircase leading up here.
There is a stone staircase leading up here.
You see here a +0 mace.
Robin is nearby!
Robin is nearby!
Robin is nearby!
Robin shouts!
You hear a shout! x3
Robin roars a battlecry!
You see here a +0 mace.
Casting: Slow (safe; 12% risk of failure)
Confirm with . or Enter, or press ? or * to list all spells.
Aiming: Slow (safe; 12% risk of failure)
Press: ? - help, Shift-Dir - straight line, f - Robin
Aim: Robin, wielding a +0 mace, wearing a +0 animal skin and wearing a +0 helmet (chance to affect: 52%) Robin seems to slow down.
Fire: a) +1 sling
Press: ? - help, Q - select action, (/) - cycle Shift-Dir - straight line, f/p - Robin
Aim: Robin, wielding a +0 mace, wearing a +0 animal skin and wearing a +0 helmet (slow, 64% to hit)
You shoot a sling bullet. The sling bullet barely misses Robin.
A hobgoblin comes into view.
Fire: a) +1 sling
Press: ? - help, Q - select action, (/) - cycle Shift-Dir - straight line, f/p - Robin
Aim: Robin, wielding a +0 mace, wearing a +0 animal skin and wearing a +0 helmet (slow, 64% to hit)
You shoot a sling bullet. The sling bullet barely misses Robin.
Fire: a) +1 sling
Press: ? - help, Q - select action, (/) - cycle Shift-Dir - straight line, f/p - Robin
Aim: Robin, wielding a +0 mace, wearing a +0 animal skin and wearing a +0 helmet (slow, 64% to hit)
You shoot a sling bullet. The sling bullet closely misses Robin.
There is a stone staircase leading up here.
Fire: a) +1 sling
Press: ? - help, Q - select action, (/) - cycle Shift-Dir - straight line, f/p - Robin
Aim: Robin, wielding a +0 mace, wearing a +0 animal skin and wearing a +0 helmet (slow, 64% to hit)
You shoot a sling bullet.
The sling bullet completely misses Robin.
Robin roars a battlecry!
Fire: a) +1 sling
Press: ? - help, Q - select action, (/) - cycle Shift-Dir - straight line, f/p - Robin
Aim: Robin, wielding a +0 mace, wearing a +0 animal skin and wearing a +0 helmet (slow, 64% to hit)
You shoot a sling bullet. The sling bullet hits Robin.
Robin is moderately wounded.
Magic restored.
Robin is no longer moving slowly.
Robin hits you but does no damage.
You climb upwards.
There is a stone staircase leading down here.
Fire: a) +1 sling
Press: ? - help, Q - select action, (/) - cycle Shift-Dir - straight line, f - Robin
Aim: Robin, wielding a +0 mace, wearing a +0 animal skin and wearing a +0 helmet (moderately wounded, 64% to hit)
You shoot a sling bullet. The sling bullet hits Robin.
Robin is moderately wounded.
Robin closely misses you.
Casting: Slow (safe; 12% risk of failure)
Confirm with . or Enter, or press ? or * to list all spells.
Aiming: Slow (safe; 12% risk of failure)
Press: ? - help, Shift-Dir - straight line, f/p - Robin
Aim: Robin, wielding a +0 mace, wearing a +0 animal skin and wearing a +0 helmet (moderately wounded, chance to affect: 52%) Robin resists with significant effort.
Robin hits you but does no damage.
Casting: Slow (safe; 12% risk of failure)
Confirm with . or Enter, or press ? or * to list all spells.
Aiming: Slow (safe; 12% risk of failure)
Press: ? - help, Shift-Dir - straight line, f/p - Robin
Aim: Robin, wielding a +0 mace, wearing a +0 animal skin and wearing a +0 helmet (moderately wounded, chance to affect: 52%) Robin seems to slow down.
Robin barely misses you.
Robin is no longer moving slowly.
There is an open door here.
Fire: a) +1 sling
Press: ? - help, Q - select action, (/) - cycle Shift-Dir - straight line, f/p - Robin
Aim: Robin, wielding a +0 mace, wearing a +0 animal skin and wearing a +0 helmet (moderately wounded, 64% to hit)
You shoot a sling bullet. The sling bullet hits Robin.
Robin is heavily wounded.
Fire: a) +1 sling
Press: ? - help, Q - select action, (/) - cycle Shift-Dir - straight line, f/p - Robin
Aim: Robin, wielding a +0 mace, wearing a +0 animal skin and wearing a +0 helmet (heavily wounded, 64% to hit)
You shoot a sling bullet. The sling bullet hits Robin.
Robin is severely wounded.
Fire: a) +1 sling
Press: ? - help, Q - select action, (/) - cycle Shift-Dir - straight line, f/p - Robin
Aim: Robin, wielding a +0 mace, wearing a +0 animal skin and wearing a +0 helmet (severely wounded, 64% to hit)
You shoot a sling bullet. The sling bullet closely misses Robin.
Casting: Slow (safe; 12% risk of failure)
Confirm with . or Enter, or press ? or * to list all spells.
Aiming: Slow (safe; 12% risk of failure)
Press: ? - help, Shift-Dir - straight line, f/p - Robin
Aim: Robin, wielding a +0 mace, wearing a +0 animal skin and wearing a +0 helmet (severely wounded, chance to affect: 52%) Robin seems to slow down.
Fire: a) +1 sling
Press: ? - help, Q - select action, (/) - cycle Shift-Dir - straight line, f/p - Robin
Aim: Robin, wielding a +0 mace, wearing a +0 animal skin and wearing a +0 helmet (severely wounded, slow, 64% to hit)
You shoot a sling bullet. The sling bullet hits Robin.
Robin is almost dead.
Robin hits you with a +0 mace.
Fire: a) +1 sling
Press: ? - help, Q - select action, (/) - cycle Shift-Dir - straight line, f/p - Robin
Aim: Robin, wielding a +0 mace, wearing a +0 animal skin and wearing a +0 helmet (almost dead, slow, 64% to hit)
You shoot a sling bullet.
The sling bullet hits Robin but does no damage.
Robin is almost dead.
Fire: a) +1 sling
Press: ? - help, Q - select action, (/) - cycle Shift-Dir - straight line, f/p - Robin
Aim: Robin, wielding a +0 mace, wearing a +0 animal skin and wearing a +0 helmet (almost dead, slow, 64% to hit)
You shoot a sling bullet. The sling bullet hits Robin.
You kill Robin!
p - a +0 helmet
There is an open door here.
Things that are here:
a +0 mace; a +0 animal skin; the hobgoblin corpse of Robin You start putting on your armour.
You continue putting on your +0 helmet. x4
You finish putting on your +0 helmet.
You start putting on your armour.
You continue putting on your +0 pair of boots. x2
HP restored.
You continue putting on your +0 pair of boots. x2
You finish putting on your +0 pair of boots.
Okay, then.
Magic restored.
There is an open door here.
There is an open door here.
You see here a +0 dagger.
Partly explored, can't reach some places.
Partly explored, can't reach some places.
Partly explored, can't reach some places.
You see here a +0 dagger.
There is an open door here.
There is an open door here.
There is an open door here.
There is a stone staircase leading down here.
You climb downwards.
Level annotation: Natasha Sigmund shouts!
The ball python hisses angrily.
There is a stone staircase leading up here.
You climb upwards.
There is a stone staircase leading down here.
There is a stone staircase leading down here.
You climb downwards.
Level annotation: Natasha, Sigmund The hobgoblin shouts!
You hear a shout! x3
There is a stone staircase leading up here.
Fire: a) +1 sling
Press: ? - help, Q - select action, (/) - cycle Shift-Dir - straight line, f - hobgoblin
Aim: a hobgoblin (56% to hit)
You shoot a sling bullet.
The sling bullet closely misses the hobgoblin.
A goblin comes into view. It is wielding a +0 club.
The hobgoblin barely misses you.
The hobgoblin hits you but does no damage.
The hobgoblin misses you.
You climb upwards.
There is a stone staircase leading down here.
Casting: Slow (safe; 12% risk of failure)
Confirm with . or Enter, or press ? or * to list all spells.
Aiming: Slow (safe; 12% risk of failure)
Press: ? - help, Shift-Dir - straight line, f - hobgoblin
Aim: a hobgoblin (chance to affect: 62%)
The hobgoblin resists with significant effort.
The hobgoblin misses you.
Fire: a) +1 sling
Press: ? - help, Q - select action, (/) - cycle Shift-Dir - straight line, f/p - hobgoblin
Aim: a hobgoblin (56% to hit)
You shoot a sling bullet.
The sling bullet barely misses the hobgoblin.
The hobgoblin hits you but does no damage.
Fire: a) +1 sling
Press: ? - help, Q - select action, (/) - cycle Shift-Dir - straight line, f/p - hobgoblin
Aim: a hobgoblin (56% to hit)
You shoot a sling bullet. The sling bullet hits the hobgoblin.
The hobgoblin is severely wounded.
The hobgoblin closely misses you.
Fire: a) +1 sling
Press: ? - help, Q - select action, (/) - cycle Shift-Dir - straight line, f/p - hobgoblin
Aim: a hobgoblin (severely wounded, 56% to hit)
You shoot a sling bullet.
The sling bullet hits the hobgoblin but does no damage.
The hobgoblin is severely wounded.
The hobgoblin closely misses you.
Fire: a) +1 sling
Press: ? - help, Q - select action, (/) - cycle Shift-Dir - straight line, f/p - hobgoblin
Aim: a hobgoblin (severely wounded, 56% to hit)
You shoot a sling bullet. The sling bullet hits the hobgoblin!
You kill the hobgoblin!
Your Ranged Weapons skill increases to level 4!
Magic restored.
Partly explored, can't reach some places.
Partly explored, can't reach some places.
There is a stone staircase leading down here.
You climb downwards.
Level annotation: Natasha, Sigmund The goblin closely misses you.
The goblin hits you but does no damage.
There is a stone staircase leading up here.
The goblin misses you. The goblin hits you with a +0 club.
You climb upwards.
There is a stone staircase leading down here.
The goblin attacks as you move away! The goblin hits you but does no damage.
The goblin attacks as you move away! The goblin barely misses you.
The goblin misses you. The goblin attacks as you move away!
The goblin misses you. The goblin attacks as you move away!
The goblin completely misses you.
Casting: Slow (safe; 12% risk of failure)
Confirm with . or Enter, or press ? or * to list all spells.
Aiming: Slow (safe; 12% risk of failure)
Press: ? - help, Shift-Dir - straight line, f - goblin
Aim: a goblin, wielding a +0 club (chance to affect: 62%)
The goblin seems to slow down.
The goblin hits you but does no damage.
Fire: a) +1 sling
Press: ? - help, Q - select action, (/) - cycle Shift-Dir - straight line, f/p - goblin
Aim: a goblin, wielding a +0 club (slow, 50% to hit)
You shoot a sling bullet.
The sling bullet closely misses the goblin.
The sling bullet misses the goblin.
Fire: a) +1 sling
Press: ? - help, Q - select action, (/) - cycle Shift-Dir - straight line, f/p - goblin
Aim: a goblin, wielding a +0 club (slow, 50% to hit)
You shoot a sling bullet. The sling bullet hits the goblin.
You kill the goblin!
Fire: a) +1 sling
Press: ? - help, Q - select action, (/) - cycle Shift-Dir - straight line, f - goblin
Aim: a goblin, wielding a +0 club (50% to hit)
You shoot a sling bullet.
The sling bullet barely misses the goblin.
The goblin closely misses you.
Fire: a) +1 sling
Press: ? - help, Q - select action, (/) - cycle Shift-Dir - straight line, f/p - goblin
Aim: a goblin, wielding a +0 club (50% to hit)
You shoot a sling bullet. The sling bullet hits the goblin.
You kill the goblin!
Fire: a) +1 sling
Press: ? - help, Q - select action, (/) - cycle Shift-Dir - straight line, f - you Really target yourself?
Okay, then.
Unknown command.
Magic restored.
HP restored.
Things that are here:
a +0 club; a +0 club; a goblin corpse You see here a +0 robe.
There is an open door here.
Partly explored, can't reach some places.
Partly explored, can't reach some places.
There is an open door here.
Things that are here:
a +0 animal skin; a +0 mace; the hobgoblin skeleton of Robin
There is a stone staircase leading down here.
You climb downwards.
Level annotation: Natasha, Sigmund The hobgoblin hits you but does no damage. x2
There is a stone staircase leading up here.
You shoot a sling bullet.
The sling bullet closely misses the hobgoblin.
The hobgoblin barely misses you.
You shoot a sling bullet. The sling bullet hits the hobgoblin.
The hobgoblin is almost dead.
The hobgoblin closely misses you.
You shoot a sling bullet.
The sling bullet closely misses the hobgoblin.
The hobgoblin hits you but does no damage.
You shoot a sling bullet.
The sling bullet hits the hobgoblin but does no damage.
The hobgoblin is almost dead.
You hear a shout!
The hobgoblin closely misses you. The hobgoblin hits you.
You shoot a sling bullet.
The sling bullet hits the hobgoblin but does no damage.
The hobgoblin is almost dead.
The hobgoblin barely misses you.
You shoot a sling bullet. The sling bullet hits the hobgoblin.
You kill the hobgoblin!
A goblin comes into view. It is wielding a +0 dagger.
You shoot a sling bullet.
The sling bullet barely misses the goblin.
You shoot a sling bullet.
The sling bullet closely misses the goblin.
A goblin comes into view. It is wielding a +0 club.
The goblin hits you but does no damage.
The goblin moves out of view.
You shoot a sling bullet. The sling bullet hits the goblin.
You kill the goblin!
No target in view!
A goblin comes into view. It is wielding a +0 dagger.
You shoot a sling bullet.
The sling bullet closely misses the goblin.
You shoot a sling bullet. The sling bullet hits the goblin.
The goblin is moderately wounded.
You shoot a sling bullet.
The sling bullet barely misses the goblin.
You hear a shout!
The goblin hits you but does no damage. x2
You shoot a sling bullet. The sling bullet hits the goblin.
You kill the goblin!
You start resting.
A goblin is nearby!
You shoot a sling bullet.
The sling bullet barely misses the goblin.
You shoot a sling bullet. The sling bullet hits the goblin.
The goblin is heavily wounded.
The goblin hits you but does no damage.
You shoot a sling bullet.
The sling bullet barely misses the goblin.
The goblin misses you.
You shoot a sling bullet.
The sling bullet barely misses the goblin.
The goblin hits you but does no damage.
You shoot a sling bullet.
The sling bullet closely misses the goblin.
The goblin misses you.
You shoot a sling bullet. The sling bullet hits the goblin.
You kill the goblin!
HP restored.
Items here: ))) †††.
You see here a +0 mace.
The hobgoblin shouts!
You shoot a sling bullet. The sling bullet hits the hobgoblin.
The hobgoblin is heavily wounded.
You shoot a sling bullet.
The sling bullet barely misses the hobgoblin.
You shoot a sling bullet.
The sling bullet barely misses the hobgoblin.
The hobgoblin hits you.
You shoot a sling bullet. The sling bullet hits the hobgoblin.
The hobgoblin is almost dead.
The hobgoblin hits you but does no damage.
You shoot a sling bullet.
The sling bullet closely misses the hobgoblin.
The hobgoblin hits you. The hobgoblin closely misses you.
You shoot a sling bullet.
The sling bullet hits the hobgoblin but does no damage.
The hobgoblin is almost dead.
The hobgoblin hits you but does no damage.
You shoot a sling bullet.
The sling bullet barely misses the hobgoblin.
The hobgoblin barely misses you.
You shoot a sling bullet.
The sling bullet completely misses the hobgoblin.
The hobgoblin hits you but does no damage.
You shoot a sling bullet. The sling bullet hits the hobgoblin.
You kill the hobgoblin!
You have reached level 4!
You feel stronger.
You see here a hobgoblin corpse.
You see here a +2 rapier of electrocution.
q - a +2 rapier of electrocution You start resting.
Sigmund is nearby!
Sigmund shouts!
Sigmund points at you and mumbles some strange words.
The magic dart hits you.
Sigmund screams, "Don't try to resist!"
Sigmund casts a spell at you.
You are confused.
Sigmund hits you but does no damage.
You bump into the rock wall.
You feel less confused.
Sigmund hits you from afar with a +0 scythe.
Items here: ))) †††.
There is a stone staircase leading up here.
Sigmund gestures at you while chanting. You resist with some effort.
You climb upwards.
There is a stone staircase leading down here.
There is a stone staircase leading down here.
You climb downwards.
Level annotation: Natasha, Sigmund
There is a stone staircase leading up here.
Found a stone staircase leading down.
Found a stone staircase leading down.
There is a stone staircase leading down here.
You climb downwards.
Found a white potion and 10 gold pieces.
There is a stone staircase leading up here.
You shoot a sling bullet. The sling bullet hits the endoplasm.
The endoplasm quivers.
The endoplasm is severely wounded.
You shoot a sling bullet. The sling bullet hits the endoplasm.
You kill the endoplasm!
A bat comes into view.
A bat is nearby!
A bat is nearby!
You shoot a sling bullet. The sling bullet hits the bat.
You kill the bat!
No target in view!
A bat comes into view.
The bat moves out of view.
A bat is nearby!
A bat is nearby!
You shoot a sling bullet. The sling bullet hits the bat!
You kill the bat!
No target in view!
HP restored.
r - a white potion An adder comes into view.
An adder is nearby!
You shoot a sling bullet.
The sling bullet barely misses the adder.
Casting: Slow (safe; 12% risk of failure)
Confirm with . or Enter, or press ? or * to list all spells.
Aiming: Slow (safe; 12% risk of failure)
Press: ? - help, Shift-Dir - straight line, f/p - adder
Aim: an adder (chance to affect: 52%)
The adder resists with significant effort.
Casting: Slow (safe; 12% risk of failure)
Confirm with . or Enter, or press ? or * to list all spells.
Aiming: Slow (safe; 12% risk of failure)
Press: ? - help, Shift-Dir - straight line, f/p - adder
Aim: an adder (chance to affect: 52%)
The adder seems to slow down.
Fire: a) +1 sling
Press: ? - help, Q - select action, (/) - cycle Shift-Dir - straight line, f/p - adder
Aim: an adder (slow, 38% to hit)
You shoot a sling bullet.
The sling bullet closely misses the adder.
Fire: a) +1 sling
Press: ? - help, Q - select action, (/) - cycle Shift-Dir - straight line, f/p - adder
Aim: an adder (slow, 38% to hit)
You shoot a sling bullet.
The sling bullet hits the adder but does no damage.
The adder bites you but does no damage.
You hear the crackle of electricity.
q - a +2 rapier of electrocution (weapon)
The adder barely misses you.
You puncture the adder!
The adder is severely wounded.
The adder barely misses you.
You hit the adder. Lightning courses through the adder!!
You kill the adder!
Magic restored.
An adder comes into view.
The adder hisses angrily.
An adder is nearby!
An adder is nearby!
The adder seems to slow down.
You see here a bat corpse.
You hit the adder. Lightning courses through the adder!!
You kill the adder!
No target in view!
Found 6 stones.
You now have 111 gold pieces (gained 10).
An adder comes into view.
An adder is nearby!
The adder hisses angrily.
The adder seems to slow down.
The adder completely misses you.
You hit the adder.
The adder is moderately wounded.
The adder bites you.
You hit the adder. Lightning courses through the adder!!
You kill the adder!
No target in view!
Found a stone staircase leading down.
You see here an adder corpse.
A dart slug comes into view.
Found a scale mail.
A dart slug is nearby!
You see here 6 stones.
The dart slug launches a dart at you. The slug dart misses you.
You hit the dart slug.
The dart slug is moderately wounded.
The dart slug launches a dart at you.
The slug dart hits you but does no damage.
You hit the dart slug.
The dart slug is almost dead.
You puncture the dart slug!
Lightning courses through the dart slug!
You kill the dart slug!
No target in view!
k - 3 scrolls labelled HEOLOW KEAREO (gained 1)
A bat comes into view.
A bat is nearby!
A bat is nearby!
The bat completely misses you.
You hit the bat.
The bat is severely wounded.
The bat closely misses you. The bat completely misses you.
The bat closely misses you.
You closely miss the bat.
The bat is severely wounded.
The bat hits you but does no damage. x2
You miss the bat.
The bat is moderately wounded.
The bat hits you but does no damage. The bat completely misses you.
The bat closely misses you.
You hit the bat.
You kill the bat!
No target in view!
Found a stone staircase leading up.
An adder comes into view.
The adder hisses angrily.
A ball python comes into view.
There are monsters nearby!
The adder seems to slow down.
The ball python hisses angrily.
You hit the adder.
The adder is moderately wounded.
The adder barely misses you. The ball python closely misses you.
The ball python grabs you. The ball python constricts you.
You puncture the ball python!
You kill the ball python!
The adder bites you but does no damage.
You miss the adder.
The adder is moderately wounded.
The adder bites you but does no damage.
You miss the adder.
The adder is moderately wounded.
The adder closely misses you.
You hit the adder.
The adder is severely wounded.
The adder bites you but does no damage.
You hit the adder. Lightning courses through the adder!
You kill the adder!
No target in view!
No target in view!
A goblin comes into view. It is wielding a +0 dagger.
A goblin is nearby!
A goblin is nearby!
Found a scroll labelled ZYEMEQ BOMMU.
The goblin shouts!
No target in view!
A goblin is nearby!
A goblin is nearby!
The goblin unwields a +0 dagger.
The goblin wields a +0 sling.
The goblin shoots a sling bullet.
The sling bullet completely misses you.
The goblin shoots a sling bullet.
The sling bullet completely misses you.
The goblin shoots a sling bullet.
The sling bullet completely misses you.
The goblin seems to slow down.
You puncture the goblin!
You kill the goblin!
No target in view!
No target in view!
e - 4 scrolls labelled ZYEMEQ BOMMU (gained 1)
You open the door.
There is an open door here.
Found a scale mail.
Found a ring mail.
Found a stone staircase leading down.
There is a stone staircase leading down here.
Grinder comes into view.
Grinder shouts!
Grinder blinks!
Grinder moves out of view.
Grinder is nearby!
Grinder is nearby!
Okay, then.
Press: ? - help, v - describe, . - travel The floor.
Grinder gestures at you.
You barely resist.
Grinder blinks!
There is a stone staircase leading down here.
You climb downwards.
The goblin shouts!
Found a helmet and a scroll labelled ZAAZE GATSAPN.
There is a stone staircase leading up here.
The goblin resists with significant effort.
You barely miss the goblin.
An orc wizard comes into view. It is wielding a +2 dagger of venom.
The goblin closely misses you.
You closely miss the goblin.
The orc wizard shouts!
You hear a shout! x2
The goblin barely misses you.
You hear a shout!
You closely miss the goblin. The goblin misses you.
There is a stone staircase leading up here.
The goblin hits you but does no damage.
You climb upwards.
Level annotation: Grinder
There is a stone staircase leading down here.
You barely miss the goblin. The goblin hits you but does no damage.
The goblin hits you but does no damage.
You climb downwards.
There is a stone staircase leading up here.
Casting: Slow (safe; 12% risk of failure)
Confirm with . or Enter, or press ? or * to list all spells.
Aiming: Slow (safe; 12% risk of failure)
Press: ? - help, Shift-Dir - straight line, f - orc wizard
Aim: an orc wizard, wielding a +2 dagger of venom and wearing a +0 robe (chance to affect: 44%)
The orc wizard seems to slow down.
The goblin barely misses you. The goblin misses you. The orc wizard misses you.
You barely miss the orc wizard. The goblin barely misses you.
The orc wizard barely misses you. The goblin hits you but does no damage.
You hit the orc wizard.
The orc wizard is lightly wounded.
The goblin hits you but does no damage.
You barely miss the orc wizard.
The orc wizard is lightly wounded.
The orc wizard hits you but does no damage.
The goblin closely misses you.
You hit the orc wizard.
The orc wizard is lightly wounded.
The goblin hits you but does no damage.
The orc wizard hits you but does no damage.
You puncture the orc wizard!
The orc wizard is severely wounded.
The goblin hits you but does no damage.
The orc wizard hits you but does no damage.
You barely miss the orc wizard.
The orc wizard is severely wounded.
The goblin hits you but does no damage. The goblin barely misses you.
You hit the orc wizard but do no damage.
The orc wizard is severely wounded.
The orc wizard is no longer moving slowly.
The orc wizard hits you but does no damage.
The goblin barely misses you.
You hit the orc wizard but do no damage.
Lightning courses through the orc wizard!
You kill the orc wizard!
The goblin hits you with a +0 club.
Your Ranged Weapons skill increases to level 5!
You have reached level 5!
You hit the goblin. Lightning courses through the goblin!
You kill the goblin!
You see here a +0 club.
Things that are here:
a +2 dagger of venom; a +0 robe; an orc corpse
s - a +2 dagger of venom HP restored.
o - 2 scrolls labelled ZAAZE GATSAPN (gained 1)
f - 4 scrolls labelled EXKIOH ZAC UMI (gained 1)
An orc comes into view. It is wielding a +0 mace.
The orc shouts!
The orc moves out of view.
An orc comes into view. It is wielding a +0 short sword.
An orc is nearby!
An orc is nearby!
An orc is nearby!
An orc priest comes into view. It is wielding a +0 club.
Found a stone staircase leading down.
The orc priest shouts!
The orc priest calls down the wrath of Beogh upon you.
Beogh smites you!
Okay, then.
Okay, then.
Okay, then.
The air fills with toxic fumes!
As you read the scroll of poison, it crumbles to dust.
There is a stone staircase leading up here.
A kobold comes into view. It is wielding a +0 short sword.
Found 2 metallic golden potions.
You hit the kobold. Lightning courses through the kobold!
You kill the kobold!
Things that are here:
a +0 short sword; a kobold corpse You see here 2 metallic golden potions.
A ball python comes into view.
The ball python attacks as you move away!
The ball python misses you. The ball python closely misses you.
There is a stone staircase leading down here.
You hit the ball python.
Lightning courses through the ball python!
You kill the ball python!
You climb downwards.
You hear the hiss of flowing sand.
There is an entrance to an ossuary on this level.
Hurry and find it before the portal is buried!
The adder hisses angrily.
Found 4 boomerangs.
There is a stone staircase leading up here.
Casting: Slow (safe; 12% risk of failure)
Confirm with . or Enter, or press ? or * to list all spells.
Aiming: Slow (safe; 12% risk of failure)
Press: ? - help, Shift-Dir - straight line, f - adder
Aim: an adder (chance to affect: 52%)
The adder seems to slow down.
You hear a distant slurping noise.
The adder misses you.
You barely miss the adder. The adder bites you but does no damage.
You closely miss the adder. The adder closely misses you.
You miss the adder. The adder barely misses you. The adder closely misses you.
You closely miss the adder. The adder bites you but does no damage.
You barely miss the adder. The adder bites you but does no damage.
You closely miss the adder.
The adder is no longer moving slowly.
The adder bites you but does no damage.
You miss the adder. The adder closely misses you.
You miss the adder. The adder completely misses you.
The adder bites you but does no damage.
You closely miss the adder. The adder bites you but does no damage.
You barely miss the adder. The adder closely misses you. x2
You closely miss the adder. The adder bites you but does no damage.
The adder barely misses you.
You closely miss the adder. The adder closely misses you.
You hit the adder.
The adder is lightly wounded.
The adder bites you but does no damage. The adder closely misses you.
You barely miss the adder.
The adder is lightly wounded.
The adder misses you.
You barely miss the adder.
The adder is lightly wounded.
The adder completely misses you. The adder bites you but does no damage.
You miss the adder.
The adder is lightly wounded.
The adder bites you but does no damage. The adder barely misses you.
You hit the adder.
The adder is severely wounded.
The adder bites you but does no damage.
You hit the adder.
The adder is severely wounded.
The adder completely misses you. The adder barely misses you.
You hit the adder.
You kill the adder!
No target in view!
You start resting.
You hear the slow hiss of a very distant avalanche of sand.
A black bear comes into view.
A black bear is nearby!
You see here an adder corpse.
The black bear growls angrily.
You aren't carrying any items that you can evoke.
Okay, then.
There is a stone staircase leading up here.
You climb upwards.
There is a stone staircase leading down here.
An orc comes into view. It is wielding a +0 flail.
The orc shouts!
The orc closely misses you. The orc hits you with a +0 flail.
The orc misses you. The orc attacks as you move away! The orc misses you.
Found a lumpy yellow potion.
Casting: Slow (safe; 12% risk of failure)
Confirm with . or Enter, or press ? or * to list all spells.
Aiming: Slow (safe; 12% risk of failure)
Press: ? - help, Shift-Dir - straight line, f - orc
Aim: an orc, wielding a +0 flail and wearing a +0 chain mail (chance to affect: 62%)
The orc seems to slow down.
The orc hits you with a +0 flail.
You hit the orc but do no damage. Lightning courses through the orc!!
You kill the orc!
Casting: Slow (safe; 12% risk of failure)
Confirm with . or Enter, or press ? or * to list all spells.
Aiming: Slow (safe; 12% risk of failure)
Press: ? - help, Shift-Dir - straight line, f - orc
Aim: an orc, wielding a +0 short sword (chance to affect: 62%)
The orc seems to slow down.
You closely miss the orc. The orc closely misses you.
You hit the orc.
The orc is moderately wounded.
The orc hits you but does no damage.
You puncture the orc!
You kill the orc!
Found a leather armour.
The orc attacks as you move away! The orc completely misses you.
The orc throws a boomerang.
The boomerang completely misses you.
Casting: Slow (safe; 12% risk of failure)
Confirm with . or Enter, or press ? or * to list all spells.
You don't know that spell.
Casting: Slow (safe; 12% risk of failure)
Confirm with . or Enter, or press ? or * to list all spells.
Aiming: Slow (safe; 12% risk of failure)
Press: ? - help, Shift-Dir - straight line, f - orc
Aim: an orc, wielding a +0 mace, wearing a +0 scale mail and quivering boomerangs (chance to affect: 62%)
You miscast Slow.
You are very lightly contaminated with residual magic.
Nothing appears to happen.
Casting: Slow (safe; 12% risk of failure)
Confirm with . or Enter, or press ? or * to list all spells.
Aiming: Slow (safe; 12% risk of failure)
Press: ? - help, Shift-Dir - straight line, f/p - orc
Aim: an orc, wielding a +0 mace, wearing a +0 scale mail and quivering boomerangs (chance to affect: 62%)
The orc seems to slow down.
The orc hits you with a +0 mace.
You hit the orc.
The orc is lightly wounded.
The orc hits you with a +0 mace.
Okay, then.
Casting: Slow (safe; 12% risk of failure)
Confirm with . or Enter, or press ? or * to list all spells.
Aiming: Slow (safe; 12% risk of failure)
Press: ? - help, Shift-Dir - straight line, f - orc priest, p - orc
Aim: an orc priest, wielding a +0 club (chance to affect: 44%)
The orc priest seems to slow down.
The orc priest mumbles some strange prayers to Beogh against you.
Beogh smites you!
Ouch! That really hurt!
You die...

#........ #.#..!..
...... # #.#.#.. .....
. #.#.#.#.# #...#
..##.#.....# #...#
........[..# #...#
.###...#.#.# #...#
.......o.#o# #...#
.##....@.#.######...###
......o###)##.........#
#####...........##.##.#
##.............##.##
#..###............#
#..#.........#.#..#
#.o#.##....###.#..#
#..#.##......o....#
#.......######.....


You could see an orc priest (slow) and an orc (slow).

Vanquished Creatures
  An orc wizard (D:4)
  Robin (D:1)
  5 adders
  2 dart slugs
  2 orcs (D:4)
  8 ball pythons
  4 endoplasms
  2 giant cockroaches
  10 goblins
  7 hobgoblins
  5 kobolds
  A quokka (D:2)
  3 bats (D:3)
  4 frilled lizards (D:1)
  3 rats
58 creatures vanquished.

Notes
Turn   | Place    | Note
-------+----------+-------------------------------------------
     0 | D:1      | sleeves the Gargoyle Arcane Marksman began the quest for
                  | the Orb.
     0 | D:1      | Reached XP level 1. HP: 12/12 MP: 2/2
    12 | D:1      | sleeves: kinda weird they make u start with a sling
   113 | D:1      | CougarLife: wait do slings not have ammo anymore wtf
   121 | D:1      | sleeves: no
   121 | D:1      | sleeves: they removed ammo
   121 | D:1      | CougarLife: whaaaaaaaaaaaaaat the fuck
   137 | D:1      | CougarLife: since when
   137 | D:1      | sleeves: this patch
   137 | D:1      | sleeves: i think
   149 | D:1      | CougarLife: BROOOOOOOOOO
   200 | D:1      | CougarLife: I WAS WONDERING
   258 | D:1      | sleeves: this background is dogshit
   258 | D:1      | sleeves: with a sling start
   320 | D:1      | Reached XP level 2. HP: 16/16 MP: 3/3
   496 | D:1      | Reached skill level 3 in Ranged Weapons
   649 | D:1      | Found a faded altar of an unknown god.
   873 | D:2      | sleeves: might just pick up a mace
   905 | D:2      | Noticed Natasha
   929 | D:1      | HP: 8/16 [frozen (1)]
   931 | D:1      | HP: 3/16 [frozen (5)]
  1256 | D:2      | Reached XP level 3. HP: 20/20 MP: 4/4
  1657 | D:2      | Noticed Robin
  1720 | D:2      | HP: 10/20 [goblin/+0 club[Robin] (4)]
  1725 | D:1      | CougarLife: slings fuck
  1988 | D:1      | CougarLife: unless you get robin throwing goblins at u
  2003 | D:1      | Killed Robin
  2099 | D:2      | Noticed Sigmund
  2129 | D:2      | sleeves: some d2
  2129 | D:2      | sleeves: sigmnud natasha and robin
  2137 | D:1      | Reached skill level 4 in Ranged Weapons
  2261 | D:2      | Reached XP level 4. HP: 21/25 MP: 5/5
  2588 | D:3      | Noticed Grinder
  2592 | D:3      | sleeves: oh yeah
  2592 | D:3      | sleeves: classic
  2592 | D:3      | sleeves: d3 grinder
  2592 | D:3      | sleeves: im just dead
  2639 | D:4      | Reached skill level 5 in Ranged Weapons
  2639 | D:4      | Reached XP level 5. HP: 26/29 MP: 6/6
  2723 | D:4      | sleeves: yeah
  2723 | D:4      | sleeves: follow that up
  2723 | D:4      | sleeves: with d4 priests
  2723 | D:4      | sleeves: YA
  2773 | D:5      | Entered Level 5 of the Dungeon
  2820 | D:5      | sleeves: im a delver now
  2822 | D:5      | Noticed a black bear
  2824 | D:5      | sleeves: d5 bear
  2824 | D:5      | sleeves: this literally cant be happening
  2864 | D:4      | Killed from afar by an orc priest

Illustrated notes

Levels and vault maps discovered:
D:1:      dpeg_arrival_lava_altar, layout_basic,
          hellmonk_ecumenical_altar_leap_of_faith
D:2:      layout_loops_cross, uniq_sigmund, uniq_robin, uniq_natasha
D:3:      gammafunk_steamed_eel, layout_basic, uniq_grinder,
          uniq_crazy_yiuf_cottage
D:4:      layout_loops_cross, vehumet_crystals, mainiacjoe_overflow_24_doors
D:5:      layout_basic, serial_shops, nicolae_diamond_shop, enter_ossuary_4,
          uniq_pikel

Skill      XL: |  1  2  3  4 |
---------------+-------------+-----
Ranged Weapons | 3 4 5 |  5.3
Fighting       | |  1.1
Dodging        | |  1.5
Spellcasting   | |  1.0
Hexes          | |  2.6

Action                   |  1- 3 |  4- 6 || total
-------------------------+-------+-------++-------
Melee: Rapier            |       |    58 ||    58
 Fire: Sling             |   154 |     7 ||   161
 Cast: Slow              |    11 |    13 ||    24
  Use: Scroll            |       |     1 ||     1
Armor: Leather armour    |    31 |    33 ||    64
Dodge: Dodged            |    94 |    51 ||   145
